 Dungeon Crawl Stone Soup version 0.30-a0-374-g95c0257040 (webtiles) character file.

Game seed: 7968125622580700137

239 Ottie3000 the Purveyor of Pain (level 5, 0/57 HPs)
             Began as a Vampire Necromancer on Nov 27, 2022.
             Was an Initiate of Kikubaaqudgha.
             Killed by nerve-wracking pain
             ... invoked by an orc priest
              (14 damage)
             ... on level 3 of the Dungeon.
             The game lasted 00:35:44 (2272 turns).

Ottie3000 the Purveyor of Pain (VpNe)               Turns: 2272, Time: 00:35:44

Health: 0/57       AC:  9    Str:  9    XL:     5   Next: 79%
Magic:  8/8        EV:  4    Int: 17    God:    Kikubaaqudgha [......]
Gold:   60         SH:  0    Dex: 15    Spells: 3/8 levels left

rFire   . . .      SeeInvis +    h - +4 short sword
rCold   . . .      Faith    .    e - orb {*Rage}
rNeg    . . .      Spirit   .    f - +0 chain mail
rPois   .          Reflect  .    (no helmet)
rElec   .          Harm     .    (no cloak)
rCorr   .          Rampage  .    (no gloves)
Will    .....      Rage     20%  j - +0 pair of boots
Stlth   ..........               (no amulet)
HPRegen 0.49/turn                (no ring)
MPRegen 0.11/turn                (no ring)

@: berserking, healing quickly, very quick
A: alive, fangs 3, see invisible, vampiric 2
a: Exsanguinate, Renounce Religion


You were on level 3 of the Dungeon.
You worshipped Kikubaaqudgha.
Kikubaaqudgha was noncommittal.
You visited 1 branch of the dungeon, and saw 3 of its levels.

You collected 60 gold pieces.

Inventory:

Hand Weapons
 d - a +0 dagger
 g - a +3 dagger
 h - a +4 short sword (weapon)
 l - a +2 vampiric whip
Missiles
 i - 2 atropa-tipped darts (quivered)
 p - 6 poisoned darts
Armour
 a - a +0 robe
 e - an orb of wrath (worn)
 f - a +0 chain mail (worn)
 j - a +0 pair of boots (worn)
Scrolls
 k - a scroll of teleportation
 n - a scroll of noise {unknown}
Potions
 b - a potion of magic
 c - 2 potions of ambrosia
 m - a potion of heal wounds {unknown}


   Skills:
 + Level 1.8 Fighting
 + Level 3.2 Short Blades
 + Level 0.2 Maces & Flails
 + Level 3.3 Dodging
 + Level 4.4 Stealth
 + Level 2.3 Spellcasting
 + Level 5.0 Necromancy
 + Level 0.3 Earth Magic


You had 3 spell levels left.
You knew the following spells:

 Your Spells              Type           Power      Damage    Failure   Level
a - Necrotise             Necr           76%        1d7       97%         1
b - Sandblast             Erth           6%         2d5       100%        1
c - Vampiric Draining     Necr           19%        2d7       100%        3

Your spell library contained the following spells:

 Spells                   Type           Power      Damage    Failure   Level
 Passwall                 Tmut/Erth      1%         N/A       100%        2
 Ozocubu's Armour         Ice            1%         N/A       100%        3
 Stone Arrow              Conj/Erth      4%         3d7       100%        3
 Animate Dead             Necr           19%        N/A       100%        4
 Agony                    Necr           19%        N/A       100%        5
 Ozocubu's Refrigeration  Ice            0%         4d7       100%        7


Dungeon Overview and Level Annotations

Branches:
Dungeon (3/15)

Altars:
Kikubaaqudgha
Makhleb

Shops:
D:1 (

Annotations:
D:3 Grinder


Innate Abilities, Weirdness & Mutations

Your natural rate of healing is accelerated.
You have razor-sharp teeth.
You have supernaturally acute eyesight. (SInv)
You are afflicted with vampirism and can become a bat while bloodless.


Message History

You recover from your berserk rage.
Found a scroll labelled CIGEFFIMOE.
Found a scroll labelled GAHOXK HUASKAF.
n - a scroll labelled GAHOXK HUASKAF
There are no items here.
Grinder comes into view.
Grinder shouts!
You hear a shout! x2
An orc priest comes into view. It is wielding a +0 trident.
The orc priest shouts!
You hear a shout! x3
The orc priest invokes the aid of Beogh against you.
Beogh smites you!
You hear a shout!
An orc comes into view. It is wielding a +0 flail.
Grinder hits you but does no damage.
A red film seems to cover your vision as you go berserk!
You feel yourself moving faster!
You feel mighty!
You puncture Grinder!
Grinder is moderately wounded.
Grinder hits you.
You barely miss Grinder.
Grinder is moderately wounded.
Grinder hits you.
You writhe in agony.
The orc priest invokes the aid of Beogh against you.
Beogh smites you!
* * * LOW HITPOINT WARNING * * *
You are too berserk!
You are too berserk!
You are too berserk!
You barely miss Grinder. Your bite misses Grinder.
Grinder is moderately wounded.
Grinder blinks!
You are too berserk!
You are too berserk!
You are too berserk!
You are too berserk!
You are too berserk!
You feel a strong urge to attack something.
The orc priest calls down the wrath of Beogh upon you.
Pain shoots through your body!
You die...
Kikubaaqudgha rasps: "You have failed me!
Welcome... death!"

### ##.## *#.#.#######
##.#........# ###
#.##......@.########***
##.####.#.#.####..ยง......,,*
##...###.....###.o.###.5.#*,*
#.....##.#.......?.....#,#*,*****
.............###...###...**,,,,,,
#.....##.#...# ##.##,,,,.,,,,****
##...###.....#**#.#*,*****,,,****
##.## ##...##*,...,,* *,,,*,,,
#.# #....# *,#..,,* *,,,,,**


You could see Grinder and an orc priest.

Vanquished Creatures
  Sigmund (D:2)
  4 gnolls (D:2)
  A worm (D:2)
  2 endoplasms
  3 giant cockroaches
  6 hobgoblins
  3 jackals (D:1)
  2 quokkas
  3 ball pythons
  2 bats
  2 frilled lizards (D:1)
  5 goblins (D:1)
  5 kobolds
  4 rats
43 creatures vanquished.

Notes
Turn   | Place    | Note
-------+----------+-------------------------------------------
     0 | D:1      | Ottie3000 the Vampire Necromancer began the quest for the
                  | Orb.
     0 | D:1      | Reached XP level 1. HP: 13/13 MP: 3/3
   511 | D:1      | Reached XP level 2. HP: 19/19 MP: 5/5
   760 | D:1      | Found Riumeaxu's Weapon Emporium.
   782 | D:1      | Learned a level 1 spell: Sandblast
  1167 | D:1      | Gained mutation: You are afflicted with vampirism and can
                  | become a bat while bloodless. [Vampire growth]
  1167 | D:1      | Reached XP level 3. HP: 24/24 MP: 6/6
  1171 | D:1      | Learned a level 3 spell: Vampiric Draining
  1245 | D:2      | Reached skill level 1 in Short Blades
  1487 | D:2      | Reached XP level 4. HP: 31/31 MP: 5/7
  1809 | D:2      | Noticed Sigmund
  1817 | D:2      | Killed Sigmund
  1818 | D:2      | Reached skill level 1 in Fighting
  1818 | D:2      | Reached skill level 5 in Necromancy
  1818 | D:2      | Reached XP level 5. HP: 38/38 MP: 8/8
  2135 | D:3      | Found a burning altar of Makhleb.
  2135 | D:3      | Found an ancient bone altar of Kikubaaqudgha.
  2143 | D:3      | Became a worshipper of Kikubaaqudgha
  2263 | D:3      | Noticed Grinder
  2272 | D:3      | Killed from afar by an orc priest

Illustrated notes

Levels and vault maps discovered:
D:1:      dpeg_arrival_short_road, layout_loops_ring, serial_forest,
          infiniplex_forest_end_3, infiniplex_forest_straight_5,
          infiniplex_forest_straight_3, infiniplex_forest_straight_5,
          infiniplex_forest_corner_1, infiniplex_forest_straight_4,
          serial_shops, nicolae_shop_temple_entry_statues_fountains
D:2:      layout_loops_ring, uniq_sigmund
D:3:      layout_loops_ring, gammafunk_temple_overflow_elements, uniq_grinder

Skill      XL: |  1  2  3  4 |
---------------+-------------+-----
Short Blades   | 2 3 |  3.2
Fighting       | 1 |  1.8
Dodging        | 3 |  3.3
Stealth        | 4 |  4.4
Necromancy     | 5 |  5.0
Maces & Flails | |  0.2
Spellcasting   | |  2.3
Earth Magic    | |  0.3

Action                   |  1- 3 |  4- 6 || total
-------------------------+-------+-------++-------
Melee: Dagger            |    75 |       ||    75
       Unarmed           |    17 |       ||    17
       Bite              |    17 |     1 ||    18
       Short sword       |    24 |    19 ||    43
       Whip              |    14 |       ||    14
 Cast: Sandblast         |     2 |       ||     2
       Necrotise         |     2 |       ||     2
       Vampiric Draining |     1 |       ||     1
  Use: Potion            |     3 |     1 ||     4
       Scroll            |       |     4 ||     4
 Stab: Sleeping          |     4 |       ||     4
Armor: Robe              |     9 |       ||     9
       Skin              |    24 |       ||    24
       Chain mail        |       |    19 ||    19
Dodge: Dodged            |    55 |     6 ||    61

Table legend: (Time is in decaauts)
 A = Elapsed time spent in this place.
 B = Non-inter-level travel time spent in this place.
 C = Inter-level travel time spent in this place.
 D = Time resting spent in this place.
 E = Time spent auto-exploring this place.
 F = Levels seen in this place.
 G = Mean time per level.
                   A        B        C        D        E       F      G
               +--------+--------+--------+--------+--------+-----+--------+
         Total |   2398 |   2371 |     27 |     59 |      0 |   3 |  799.3 |
       Dungeon |   2398 |   2371 |     27 |     59 |      0 |   3 |  799.3 |
               +--------+--------+--------+--------+--------+-----+--------+

Top non-repeatable levels by time:
     D:1: 1271 daAuts
     D:2: 962 daAuts
     D:3: 164 daAuts
